 Dungeon Crawl Stone Soup version 0.31-a0-231-g51bb95cda3 (webtiles) character file.

Game seed: 3104037762462889395

70 qw the Shooter (level 4, 0/26 HPs)
             Began as a Gargoyle Hexslinger on July 6, 2023.
             Killed from afar by an orc wizard (2 damage)
             ... with a magic dart
             ... on level 2 of the Dungeon.
             The game lasted 00:00:34 (1514 turns).

qw the Shooter (Gargoyle Hexslinger)                Turns: 1514, Time: 00:00:34

Health: 0/26       AC:  8    Str: 18    XL:     4   Next: 22%
Magic:  5/5        EV: 11    Int: 13    God:
Gold:   71         SH:  0    Dex: 14    Spells: 4/5 levels left

rFire   + . .        Y - +3 sling
rCold   + . .        (no shield)
rNeg    + . .        f - +0 ring mail
rPois   inf          (no helmet)
rElec   +            (no cloak)
rCorr   +            (no gloves)
SInv    .            (no boots)
Will    .....        (no amulet) Stlth
                     i - +6 ring of strength
HPRegen 0.24/turn    (no ring)
MPRegen 0.09/turn

%: no passive effects
@: confused, resistant (expiring)
A: sickness immunity, AC +3, negative energy resistance 1, electricity
resistance, torment resistance 1, petrification resistance
a: no special abilities


You were on level 2 of the Dungeon.
You visited 1 branch of the dungeon, and saw 3 of its levels.

You collected 71 gold pieces.


Innate Abilities, Weirdness & Mutations

You are immune to sickness and miasma.
Your stone body is resilient. (AC +3)
You are immune to poison.
You resist negative energy. (rN+)
You are resistant to electric shocks. (rElec)
You are resistant to unholy torment.
You are immune to petrification.


   Skills:
 - Level 2.2 Fighting
 + Level 3.9 Ranged Weapons
 - Level 1.5 Dodging
 - Level 1.0 Spellcasting
 - Level 2.6 Hexes


You had 4 spell levels left.
You knew the following spells:

 Your Spells              Type           Power      Damage    Failure   Level
a - Slow                  Hex            28%        N/A       17%         1

Your spell library contained the following spells:

 Spells                   Type           Power      Damage    Failure   Level
 Inner Flame              Hex/Fire       4%         N/A       65%         3
 Portal Projectile        Hex/Tloc       8%         N/A       65%         3
 Cause Fear               Hex            3%         N/A       86%         4

Inventory:

Hand Weapons
 Y - a +3 sling (weapon)
Armour
 f - a +0 ring mail (worn)
Jewellery
 i - a +6 ring of strength (left hand)
Potions
 b - a potion of resistance
 d - a potion of cancellation
 g - a potion of might {unknown}
 j - a potion of haste {unknown}

Dungeon Overview and Level Annotations

Branches:
Dungeon (3/15)

Altars:
Hepliaklqana


Message History

Deactivating autopickup; reactivate with Ctrl-A.
The dart slug bites you but does no damage.
Something hits you but does no damage. The dart slug launches a dart at you.
The slug dart hits you but does no damage.
Something barely misses you.
You feel less confused. Something hits you. The dart slug bites you.
You shoot a sling bullet. The sling bullet hits the dart slug.
The dart slug is heavily wounded.
Something hits you but does no damage.
The dart slug bites you but does no damage.
You shoot a sling bullet.
The sling bullet hits the dart slug but does no damage.
The dart slug is heavily wounded.
You hear some strange, mumbled words.
You are confused.
The dart slug bites you. Something hits you but does no damage.
You hear some strange, mumbled words.
You are more confused.
The dart slug bites you but does no damage.
Something hits you. The dart slug launches a dart at you.
The slug dart hits you. Something hits you but does no damage.
Something hits you but does no damage. The dart slug barely misses you.
Something hits you but does no damage.
The dart slug bites you but does no damage.
Something hits you.
You start to feel less resistant.
The dart slug closely misses you.
You hear some strange, mumbled words.
You are more confused.
You hear some strange, mumbled words.
Something tries to affect you, but you resist.
The dart slug closely misses you. Something hits you.
The dart slug bites you but does no damage.
You hear some strange, mumbled words.
A magic dart appears from out of thin air!
The magic dart hits you.
You die...

#.#?....###.
#.#.......#.
#.#.......#)
#.#.#.#...#.
#########.#.#.#..##.
#.........#.#.#..###
#.#########.#.######
#.#.{.......#.......
#.#@################
#.#w# #.#.# #.#.#
#.#.# #.#.# #...#
#####


You could see a dart slug.

Vanquished Creatures
  2 adders (D:2)
  A worm (D:2)
  2 dart slugs (D:2)
  An orc (D:3)
  2 ball pythons
  2 endoplasms (D:2)
  4 giant cockroaches (D:2)
  2 hobgoblins
  4 jackals (D:2)
  3 bats
  8 frilled lizards
  7 goblins
  A kobold (D:1)
  4 rats
43 creatures vanquished.

Notes
Turn   | Place    | Note
-------+----------+-------------------------------------------
     0 | D:1      | qw the Gargoyle Hexslinger began the quest for the Orb.
     0 | D:1      | Reached XP level 1. HP: 12/12 MP: 2/2
     0 | D:1      | 0 ||| qw: Version: 0.3-a-46-gb1f654a
     0 | D:1      | 0 ||| qw: Game counter: 1884
     0 | D:1      | 0 ||| qw: Melee chars always use a shield: true
     0 | D:1      | 0 ||| qw: God list: Okawaru
     0 | D:1      | 0 ||| qw: Allow faded altars: false
     0 | D:1      | 0 ||| qw: Do Orc after clearing Dungeon:15 true
     0 | D:1      | 0 ||| qw: Do second Lair branch before Depths: true
     0 | D:1      | 0 ||| qw: Lair rune preference: random
     0 | D:1      | 0 ||| qw: Goals: Normal
     0 | D:1      | 0 ||| PLANNING D:1-11
   302 | D:1      | Reached XP level 2. HP: 16/16 MP: 3/3
   632 | D:1      | 632 ||| UPGRADING to +0 ring mail.
   642 | D:1      | 642 ||| DROPPING +0 robe.
   643 | D:1      | 643 ||| UPGRADING to +6 ring of strength.
   644 | D:1      | 644 ||| READING 2 scrolls labelled TIRYNE YCHOE.
   645 | D:1      | 645 ||| READING scroll of enchant weapon.
   645 | D:1      | 645 ||| ENCHANTING +2 sling.
   646 | D:1      | 646 ||| READING scroll labelled TECWOLO YVIZ.
   649 | D:1      | 649 ||| DRINKING 2 glowing amethyst potions.
   650 | D:1      | 650 ||| DROPPING scroll of poison.
   724 | D:2      | Reached skill level 3 in Ranged Weapons
   838 | D:2      | Reached XP level 3. HP: 21/21 MP: 4/4
   979 | D:2      | 979 ||| FLEEEEING.
   990 | D:2      | Found a faded altar of an unknown god.
  1002 | D:2      | Reached XP level 4. HP: 26/26 MP: 5/5
  1445 | D:2      | 1445 ||| READING scroll labelled GOSSUL JAUNEU.
  1446 | D:2      | 1446 ||| DRINKING 2 murky brown potions.
  1486 | D:3      | Found a hazy altar of Hepliaklqana.
  1487 | D:3      | 1487 ||| PLANNING SEWER
  1494 | D:3      | 1494 ||| STAIRDANCE
  1496 | D:3      | 1496 ||| STAIRDANCE
  1507 | D:2      | HP: 4/26 [dart slug/slug dart (5)]
  1513 | D:2      | HP: 2/26 [something (1)]
  1514 | D:2      | Killed from afar by an orc wizard

Levels and vault maps discovered:
D:1:      nzn_arrival_depleted_hourglass, layout_basic, minmay_lizard_pond
D:2:      layout_basic, hellmonk_ecumenical_altar_arch_garden,
          grunt_decor_clamped
D:3:      layout_loops_ring, nicolae_hepliaklqana_hazy_memory, fedhas_altar_2,
          serial_shops, shop, shop, shop, nicolae_shop_advertising_works
          [nicolae_subvault_shop_adworks], portal_sewer_entry_e, minmay_unequal

Skill      XL: |  1  2 |
---------------+-------+-----
Ranged Weapons | 3 |  3.9
Fighting       | 2 |  2.2
Dodging        | |  1.5
Spellcasting   | |  1.0
Hexes          | |  2.6

Action                     |  1- 3 |  4- 6 || total
---------------------------+-------+-------++-------
   Fire: Sling             |    92 |    20 ||   112
    Use: Scroll            |     3 |     1 ||     4
         Potion            |     1 |     1 ||     2
 Armour: Robe              |     3 |       ||     3
         Ring mail         |     5 |    18 ||    23
  Dodge: Dodged            |    21 |    10 ||    31

Table legend:
 A = Non-vault XP
 B = Vault XP
 C = Vault XP percentage of total XP
 D = Non-vault monster count
 E = Vault monster count
 F = Vault count percentage of total count
                 A         B        C        D         E       F
            +---------+---------+-------+---------+---------+-------
      Total |      97 |       4 |   4.0 |      39 |       4 |   9.3
            +---------+---------+-------+---------+---------+-------
        D:1 |      13 |       4 |  23.5 |      10 |       4 |  28.6
        D:2 |      79 |       0 |   0.0 |      27 |       0 |   0.0
        D:3 |       5 |       0 |   0.0 |       2 |       0 |   0.0
            +---------+---------+-------+---------+---------+-------
